 Dungeon Crawl Stone Soup version 0.29-a0-876-gfc89b1a5bd (webtiles) character file.

Game seed: 8073481154191332720

6 Snarg the Vexing (level 1, 0/9 HPs)
             Began as a Spriggan Arcane Marksman on July 19, 2022.
             Was a Follower of Cheibriados.
             Slain by a bat (1 damage)
             ... on level 1 of the Dungeon.
             The game lasted 00:02:07 (253 turns).

Snarg the Vexing (Spriggan Arcane Marksman)          Turns: 253, Time: 00:02:08

Health: 0/9        AC:  2    Str:  8    XL:     1   Next: 75%
Magic:  2/3        EV: 17    Int: 16    God:    Cheibriados [*.....]
Gold:   53         SH:  0    Dex: 17    Spells: 1/2 levels left

rFire   . . .      SeeInvis +   a - +0 sling
rCold   . . .      Faith    .   (no shield)
rNeg    . . .      Spirit   .   c - +0 robe
rPois   .          Reflect  .   (helmet restricted)
rElec   .          Harm     .   (no cloak)
rCorr   .          Rampage  .   (gloves unavailable)
Will    .....                   (boots unavailable)
Stlth   ++........              (no amulet)
HPRegen 0.03/turn               (no ring)
MPRegen 0.08/turn               (no ring)

@: no status effects
A: very small, no large weapons, unfitting armour, see invisible, speed 3
a: Renounce Religion, Bend Time


You were on level 1 of the Dungeon.
You worshipped Cheibriados.
Cheibriados was aware of your devotion.
You visited 1 branch of the dungeon, and saw 2 of its levels.

You collected 53 gold pieces.

Inventory:

Hand Weapons
 a - a +0 sling (weapon)
 h - a +0 dagger
Missiles
 d - 17 stones
Armour
 c - a +0 robe (worn)
Jewellery
 e - an amulet of guardian spirit
Scrolls
 b - a scroll of vulnerability
 f - a scroll of enchant armour {unknown}
 g - a scroll of noise {unknown}


   Skills:
 * Level 0.8 Fighting
 + Level 2.2 Ranged Weapons
 + Level 2.8 Dodging
 - Level 1.3 Spellcasting
 + Level 3.8 Hexes


You had one spell level left.
You knew the following spells:

 Your Spells              Type           Power      Damage    Failure   Level
a - Slow                  Hex            52%        N/A       4%          1

Your spell library contained the following spells:

 Spells                   Type           Power      Damage    Failure   Level
 Inner Flame              Hex/Fire       7%         N/A       30%         3
 Portal Projectile        Hex/Tloc       14%        N/A       30%         3
 Poisonous Vapours        Pois/Air       2%         N/A       32%         2
 Cause Fear               Hex            6%         N/A       41%         4
 Corpse Rot               Necr/Pois/Air  1%         N/A       91%         4


Dungeon Overview and Level Annotations

Branches:
Dungeon (2/15)

Altars:
Cheibriados


Innate Abilities, Weirdness & Mutations

You are very small and have problems with some larger weapons.
You are too small for most types of armour.
You have supernaturally acute eyesight. (SInv)
You cover ground extremely quickly. (Speed+++)


Message History

You don't have enough magic at the moment.
Okay, then.
Unknown command.
The endoplasm freezes you.
You are frozen.
Keep disrobing? [Y]es or [N]o only, please.
Keep disrobing? [Y]es or [N]o only, please.
Keep disrobing?
You stop removing your amulet.
Unknown command.
Unknown command.
The endoplasm misses you.
You start removing your amulet.
You continue taking off your amulet of guardian spirit.
The endoplasm closely misses you.
You continue taking off your amulet of guardian spirit.
The endoplasm freezes you.
You are frozen.
Keep disrobing?
You continue taking off your amulet of guardian spirit.
The endoplasm misses you.
You continue taking off your amulet of guardian spirit.
The endoplasm freezes you.
You are frozen.
* * * LOW HITPOINT WARNING * * *
You finish taking off your amulet of guardian spirit.
Unknown command.
Unknown command.
The endoplasm attacks as you move away! The endoplasm misses you.
The bat attacks as you move away! The bat barely misses you.
The bat hits you but does no damage. x2
The bat attacks as you move away! The bat hits you but does no damage.
The endoplasm attacks as you move away! The endoplasm closely misses you.
The bat completely misses you. The bat barely misses you.
The bat closely misses you. The bat barely misses you.
The bat attacks as you move away! The bat hits you.
You die...

##...## #. #.. ....
#..## #.# .... #### #.#
#..# #.# #..# #?# #..# #
######.# #..#
#.##...##.######..######
...............b@.......
#..#>..##......J.#######
#.........######.#
##.##[##..# #.# #.
#.##..# #.# # #.##..#
#.# #.##... #.###
#.###.## #...# #.#
.......#>#


You could see an endoplasm and a bat.

Vanquished Creatures
  2 endoplasms
  A hobgoblin (D:2)
  A bat (D:1)
  2 frilled lizards (D:1)
6 creatures vanquished.

Notes
Turn   | Place    | Note
-------+----------+-------------------------------------------
     0 | D:1      | Snarg the Spriggan Arcane Marksman began the quest for the
                  | Orb.
     0 | D:1      | Reached XP level 1. HP: 9/9 MP: 3/3
   175 | D:1      | You fall into a shaft and drop 1 floor!
   214 | D:2      | Found a faded altar of an unknown god.
   223 | D:2      | Prayed at the altar of an unknown god.
   223 | D:2      | Became a worshipper of Cheibriados the Contemplative
   223 | D:2      | Reached * piety under Cheibriados
   253 | D:1      | Slain by a bat

Illustrated notes

Levels and vault maps discovered:
D:1:      dpeg_arrival_arbitrary_a, layout_loops_ring
D:2:      cheibrodos_greedy_goblins, layout_rooms,
          ebering_ecumenical_altar_sacrificial

Action                   || total
-------------------------++-------
 Fire: Sling             ||    11
Armor: Robe              ||     3
Dodge: Dodged            ||    15

Table legend: (Time is in decaauts)
 A = Elapsed time spent in this place.
 B = Non-inter-level travel time spent in this place.
 C = Inter-level travel time spent in this place.
 D = Time resting spent in this place.
 E = Time spent auto-exploring this place.
 F = Levels seen in this place.
 G = Mean time per level.
                   A        B        C        D        E       F      G
               +--------+--------+--------+--------+--------+-----+--------+
         Total |    177 |    177 |      0 |      0 |     90 |   2 |   88.5 |
       Dungeon |    177 |    177 |      0 |      0 |     90 |   2 |   88.5 |
               +--------+--------+--------+--------+--------+-----+--------+

Top non-repeatable levels by time:
     D:1: 134 daAuts
     D:2: 43 daAuts
